 Dungeon Crawl Stone Soup version 0.16.1-28-gcc2312f (webtiles) character file.

30722 DRC the Unseen (level 13, -35/65 HPs)
             Began as a Spriggan Assassin on May 21, 2015.
             Was an Elder of Dithmenos.
             Killed from afar by a merfolk aquamancer (69 damage)
             ... with a ball of steam
             ... on level 1 of the Shoals on May 27, 2015.
             The game lasted 01:53:26 (16155 turns).

DRC the Unseen (Spriggan Assassin)                 Turns: 16155, Time: 01:53:26

Health: -35/65     AC:  7    Str: 10    XL:     13   Next: 22%
Magic:  23/23      EV: 37    Int: 19    God:    Dithmenos [****..]
Gold:   888        SH:  0    Dex: 27    Spells: 0 memorised, 12 levels left

rFire  x . .     SeeInvis +     u - +2 rapier (elec)
rCold  . . .     Clarity  .     O - +2 robe {MR+}
rNeg   + . .     SustAb   .     (shield restricted)
rPois  +         Gourm    .     (helmet restricted)
rElec  .         Spirit   .     d - +2 cloak
rCorr  .         Warding  .     (gloves unavailable)
rMut   .         Stasis   .     (boots unavailable)
MR     +++..                    (no amulet)
Stlth  ++++++++++               L - ring of Ashenzari's Vengeance {rPois rF- rN+ Str+2 Int+6 Dex+6}
                                i - ring of stealth

@: very slightly contaminated, hasted, wreathed by umbra, very quick, extremely
resistant to hostile enchantments, uncannily stealthy
A: unfitting armour, see invisible, herbivore 3, speed 3, slow metabolism 2
a: Shadow Step, Renounce Religion


You were on level 1 of the Shoals.
You worshipped Dithmenos.
Dithmenos was greatly pleased with you.
You were not hungry.

You visited 4 branches of the dungeon, and saw 15 of its levels.

You collected 888 gold pieces.

Inventory:

Hand weapons
 b - a +0 blowgun
 l - a +2 short sword of venom
 u - a +2 rapier of electrocution (weapon)
 H - a +2 dagger of venom
Missiles
 e - 38 poisoned needles
 k - 5 tomahawks of returning
 x - 9 tomahawks (quivered)
Armour
 c - a +0 robe
 d - a +2 cloak (worn)
 O - a +2 robe of magic resistance (worn)
Jewellery
 i - a ring of stealth (left hand)
 p - an uncursed ring of wizardry
 y - an uncursed amulet of regeneration
 G - an uncursed ring of protection from fire
 L - the ring of Ashenzari's Vengeance (right hand) {rPois rF- rN+ Str+2 Int+6 Dex+6}
   (You found it on level 1 of the Lair of Beasts)

   [ring of positive energy]

   It affects your strength (+2).
   It affects your intelligence (+6).
   It affects your dexterity (+6).
   It makes you vulnerable to fire.
   It protects you from poison.
   It protects you from negative energy.
Magical devices
 o - a wand of frost (14)
 v - a wand of polymorph (6)
 F - a wand of disintegration (9)
 N - a wand of slowing (21)
 P - a wand of cold (6)
Scrolls
 f - 8 scrolls of teleportation
 h - 2 scrolls of fear
 n - 13 scrolls of remove curse
 r - 2 scrolls of silence
 D - 2 scrolls of amnesia
 E - a scroll of enchant armour
 J - 2 scrolls of blinking
Potions
 j - 3 potions of curing
 m - 2 potions of restore abilities
 q - 3 potions of might
 t - 3 potions of haste
 w - 2 potions of resistance
 A - a potion of invisibility
 B - 3 potions of magic
 C - a potion of lignification
 I - a potion of brilliance {unknown}
 K - a potion of cure mutation {unknown}
Books
 a - a book of Air

   Spells                             Type                      Level
   a - Shock                          Conjuration/Air              1
   b - Swiftness                      Charms/Air                   2
   c - Repel Missiles                 Charms/Air                   2
   d - Flight                         Charms/Air                   3
   e - Static Discharge               Conjuration/Air              3
   f - Lightning Bolt                 Conjuration/Air              5
 s - a book of Necromancy

   Spells                             Type                      Level
   a - Pain                           Necromancy                   1
   b - Animate Skeleton               Necromancy                   1
   c - Vampiric Draining              Necromancy                   3
   d - Regeneration                   Charms/Necromancy            3
   e - Animate Dead                   Necromancy                   4
   f - Control Undead                 Necromancy                   4
Miscellaneous
 z - a stone of tremors
 Q - a disc of storms
Comestibles
 g - 6 bread rations
 M - 6 fruits


   Skills:
 + Level 6.1 Fighting
 * Level 13.2 Short Blades
 + Level 6.8 Throwing
 + Level 15.6 Dodging
 + Level 18.3 Stealth
 + Level 1.1 Invocations


You had 12 spell levels left.
You didn't know any spells.

Dungeon Overview and Level Annotations

Branches:
Dungeon (8/15)             Temple (1/1) D:4            Lair (4/8) D:8
 Shoals (2/5) Lair:4
  Snake: Lair:3-6    Spider: Lair:3-6

Altars:
Ashenzari
Cheibriados
Dithmenos
Fedhas
Gozag
Kikubaaqudgha
Makhleb
Nemelex Xobeh
Okawaru
Qazlal
Ru
Sif Muna
Vehumet
Xom
Yredelemnul
Zin
The Shining One

Shops:
D:5 }   D:8 *

Annotations:
D:5 Ahaen's ghost, average HOFi
Shoals:2 Norris


Innate Abilities, Weirdness & Mutations

You are tiny and cannot use many weapons and most armour.
You have supernaturally acute eyesight.
You are a herbivore.
You cover ground extremely quickly.
You need consume almost no food.


Message History

The shard of ice hits you!
Ouch! That really hurt!
You emit a cloud of dark smoke.
Drink which item? (? for menu, Esc to quit)
You feel better.
The merfolk aquamancer completely misses you.
Drink which item? (? for menu, Esc to quit)
Okay, then.
Press: ? - help, v - describe, . - travel
Here: a merfolk aquamancer, wielding a rapier and wearing a robe (black smoke, lightly wounded, umbra)
The floor, spattered with blood.
Drink which item? (? for menu, Esc to quit)
You feel yourself speed up.
The merfolk aquamancer completely misses you.
You are very lightly contaminated with residual magic.
You see here 14 gold pieces.
The merfolk aquamancer points at you and mumbles some strange words.
The ball of steam hits you! The steam scalds you terribly!
Ouch! That really hurt!
You die...

....≈≈≈≈≈((E≈.##..≈≈≈
...≈≈≈≈≈≈≈≈≈≈≈....≈≈≈≈
≈≈≈≈≈≈≈≈≈≈≈≈≈≈§.≈≈≈≈..S
≈≈≈≈≈≈≈≈≈≈≈§§§..≈≈≈.....
≈≈≈≈≈≈≈≈≈≈≈§§§§.≈≈≈....
≈≈≈≈≈≈≈≈≈≈§§§m§.≈≈..##
≈≈≈≈≈≈≈≈≈≈§§§§§....##
≈≈≈≈≈≈≈≈≈≈≈§§§§§....#....
≈≈≈≈≈≈≈≈≈≈§§§§≈.@....≈≈.≈
≈≈≈≈≈≈≈≈≈≈≈≈≈≈≈..##..≈..≈
≈≈≈≈≈≈≈≈≈≈≈≈≈≈≈..###....
≈≈≈≈≈≈≈≈≈≈≈≈≈≈≈....# ###
≈≈≈≈≈≈≈≈≈≈≈≈≈≈≈≈...#
≈≈≈≈≈≈≈≈≈≈≈≈≈≈≈≈≈..####...
≈≈≈≈≈≈≈≈≈≈≈≈≈≈≈≈≈..)......
≈≈≈≈≈≈≈≈≈.#...)...≈.......
≈≈≈≈≈≈≈≈≈########....###.


There were no monsters in sight!

Vanquished Creatures
  A merfolk impaler (Shoals:2)
  A hydra (Lair:1)
  A merfolk avatar (Shoals:2)
  5 death yaks (Lair:4)
  Nergalle (Lair:1)
  A flayed ghost (D:8)
  A sea snake (Shoals:2)
  Pikel (D:4)
  An ugly thing (D:6)
  2 griffons
  A manticore (Lair:4)
  16 elephants
  2 black mambas
  7 spiny frogs
  A komodo dragon (Lair:1)
  2 merfolk
  4 blink frogs (Lair:3)
  A wandering mushroom (D:8)
  A basilisk (Lair:2)
  A shadow (D:8)
  25 yaks
  A fire bat (D:8)
  3 water elementals (Shoals:1)
  4 wyverns
  4 wraiths (D:8)
  4 hippogriffs
  Edmund (D:6)
  Menkaure (D:7)
  5 porcupines
  7 water moccasins
  An orc warrior (D:8)
  A black bear (D:8)
  A necrophage (D:8)
  3 sky beasts
  4 ice beasts
  A phantom (D:8)
  An ogre (D:5)
  6 crocodiles
  5 centaurs
  Duvessa (D:5)
  13 giant frogs
  3 killer bees (D:8)
  A centaur zombie (D:8)
  A giant frog zombie (D:7)
  4 crimson imps
  A wasp zombie (D:8)
  Dowan (D:5)
  8 hounds
  6 iguanas
  Crazy Yiuf (D:7)
  A giant frog skeleton (D:5)
  2 orc priests
  4 worker ants
  Natasha (thrice) (D:6)
  8 orc wizards
  A hound zombie (D:7)
  A hound skeleton (D:8)
  A mummy (D:7)
  A gnoll (D:3)
  36 river rats
  A shadow imp (D:7)
  14 adders
  3 giant mites
  3 worms (D:2)
  An adder skeleton (D:4)
  5 giant geckos
  31 orcs
  A ball python (D:2)
  24 bats
  7 goblins
  12 hobgoblins
  10 jackals
  11 kobolds
  9 quokkas
  5 giant cockroaches
  A giant cockroach zombie (D:5)
  2 giant newts
  2 giant spores (D:8)
  2 quokka skeletons
  12 rats
  3 ballistomycetes
  A fungus (D:8)
  A plant (Lair:4)
388 creatures vanquished.

Vanquished Creatures (others)
  A centaur (D:8)
  2 adders (D:4)
  An orc (D:4)
  A giant spore (D:6)
  22 fungi (Lair:3)
  6 plants (Lair:3)
33 creatures vanquished.

Grand Total: 421 creatures vanquished

Notes
Turn   | Place    | Note
--------------------------------------------------------------
     0 | D:1      | DRC, the Spriggan Assassin, began the quest for the Orb.
     0 | D:1      | Reached XP level 1. HP: 10/10 MP: 2/2
     7 | D:1      | You fall through a shaft!
   241 | D:1      | Reached skill level 6 in Stealth
   408 | D:1      | Reached XP level 2. HP: 15/15 MP: 4/4
  1090 | D:1      | Reached XP level 3. HP: 18/18 MP: 6/6
  1236 | D:2      | Reached skill level 7 in Stealth
  1578 | D:2      | Found a burning altar of Makhleb.
  1581 | D:2      | Found a shimmering altar of Xom.
  1790 | D:2      | Reached XP level 4. HP: 23/23 MP: 8/8
  2304 | D:3      | Found a blossoming altar of Fedhas.
  2707 | D:3      | Reached XP level 5. HP: 21/26 MP: 10/10
  3225 | D:4      | Reached skill level 5 in Dodging
  3400 | D:4      | Found a staircase to the Ecumenical Temple.
  3410 | D:4      | Noticed a slave
  3412 | Temple   | Entered the Ecumenical Temple
  3660 | D:4      | Noticed a slave
  3661 | D:4      | Noticed Pikel
  3662 | D:4      | Noticed a slave
  3663 | D:4      | Noticed a slave
  3698 | D:4      | Found a deep blue altar of Sif Muna.
  3698 | D:4      | Found a shadowy altar of Dithmenos.
  3702 | D:4      | Became a worshipper of Dithmenos the Shadowed
  3940 | D:4      | Killed Pikel
  3940 | D:4      | Reached skill level 8 in Stealth
  3940 | D:4      | Reached XP level 6. HP: 26/32 MP: 12/12
  3940 | D:4      | Reached XP level 7. HP: 28/35 MP: 14/14
  4223 | D:4      | Found a shattered altar of Ashenzari.
  4420 | D:5      | Entered Level 5 of the Dungeon
  4485 | D:5      | Reached skill level 9 in Stealth
  4984 | D:5      | Reached XP level 8. HP: 35/39 MP: 16/16
  5179 | D:5      | Found Koer's Gadget Shoppe.
  5243 | D:5      | Found an iron altar of Okawaru.
  5342 | D:5      | Noticed Ahaen's ghost (average HOFi)
  5724 | D:5      | Noticed Dowan
  5726 | D:5      | Noticed Duvessa
  5757 | D:5      | Killed Dowan
  5757 | D:5      | Reached skill level 5 in Short Blades
  5846 | D:5      | Killed Duvessa
  5846 | D:5      | Reached skill level 10 in Stealth
  6033 | D:6      | Noticed a purple ugly thing
  6054 | D:6      | Reached skill level 5 in Throwing
  6054 | D:6      | Reached skill level 11 in Stealth
  6089 | D:6      | Killed a purple ugly thing
  6089 | D:6      | Acquired Dithmenos' first power
  6089 | D:6      | Reached XP level 9. HP: 35/43 MP: 18/18
  6345 | D:6      | Noticed Edmund
  6520 | D:6      | Killed Edmund
  6578 | D:6      | Noticed Natasha
  6593 | D:6      | Killed Natasha
  6646 | D:6      | Noticed Natasha
  6701 | D:6      | Killed Natasha
  6771 | D:6      | Noticed Natasha
  6784 | D:6      | Killed Natasha
  6995 | D:7      | Reached skill level 12 in Stealth
  7157 | D:7      | Reached skill level 10 in Dodging
  7344 | D:7      | Noticed Menkaure
  7939 | D:7      | Noticed Crazy Yiuf
  7945 | D:7      | Killed Crazy Yiuf
  8228 | D:7      | Killed Menkaure
  8228 | D:7      | Reached skill level 13 in Stealth
  8468 | D:8      | Reached XP level 10. HP: 49/49 MP: 19/19
  8498 | D:8      | Found an opulent altar of Gozag.
  8520 | D:8      | Found a burning altar of Makhleb.
  8555 | D:8      | Acquired Dithmenos' second power
  8583 | D:8      | Found an ancient bone altar of Kikubaaqudgha.
  8619 | D:8      | Found an iron altar of Okawaru.
  8626 | D:8      | Found a runed door.
  8673 | D:8      | Found Zin's Purification Station.
  8837 | D:8      | Found a glowing silver altar of Zin.
  8933 | D:8      | Noticed a flayed ghost
  8939 | D:8      | Found a glowing silver altar of Zin.
  8954 | D:8      | Found a radiant altar of Vehumet.
  8996 | D:8      | Killed a flayed ghost
  8996 | D:8      | Reached skill level 14 in Stealth
  9349 | D:8      | Found a stormy altar of Qazlal.
  9415 | D:8      | Found a staircase to the Lair.
 10076 | Lair:1   | Entered Level 1 of the Lair of Beasts
 10114 | Lair:1   | Noticed Nergalle
 10399 | Lair:1   | Killed Nergalle
 10656 | Lair:1   | Reached XP level 11. HP: 47/53 MP: 20/20
 11042 | Lair:1   | Got a coiled steel ring
 11045 | Lair:1   | Identified the ring of Ashenzari's Vengeance {rPois rF- rN+ Str+2 Int+6 Dex+6} (You found it on level 1 of the Lair of Beasts)
 11172 | Lair:1   | Noticed an eight-headed hydra
 11191 | Lair:1   | Killed an eight-headed hydra
 11400 | Lair:1   | Reached skill level 10 in Short Blades
 11495 | Lair:1   | Reached skill level 1 in Invocations
 11857 | Lair:2   | Reached skill level 15 in Stealth
 12761 | Lair:3   | Reached skill level 16 in Stealth
 12900 | Lair:3   | Acquired Dithmenos' third power
 13353 | Lair:3   | Reached skill level 5 in Fighting
 13556 | Lair:3   | Reached XP level 12. HP: 60/60 MP: 22/22
 14479 | Lair:3   | Reached skill level 17 in Stealth
 14782 | Lair:3   | Reached skill level 15 in Dodging
 15110 | Lair:4   | Found a staircase to the Shoals.
 15257 | Lair:4   | Reached XP level 13. HP: 63/65 MP: 23/23
 15401 | Lair:4   | Upgraded the game from 0.16.1-25-gbcee3f8 to 0.16.1-28-gcc2312f
 15632 | Shoals:1 | Entered Level 1 of the Shoals
 15776 | Shoals:1 | You fall through a shaft!
 15793 | Shoals:2 | Reached skill level 18 in Stealth
 15824 | Shoals:2 | Noticed Norris
 15841 | Shoals:2 | Paralysed by Norris for 2 turns
 16113 | Shoals:1 | Noticed a kraken
 16155 | Shoals:1 | Killed from afar by a merfolk aquamancer

Action                   |  1- 3 |  4- 6 |  7- 9 | 10-12 | 13-15 || total
-------------------------+-------+-------+-------+-------+-------++-------
Melee: Dagger            |   100 |   112 |       |       |       ||   212
       Short sword       |       |    39 |   305 |   218 |       ||   562
       Rapier            |       |       |    33 |   566 |    49 ||   648
 Fire: Blowgun           |     9 |    18 |    39 |       |     7 ||    73
Throw: Tomahawk          |       |     6 |    19 |     2 |     6 ||    33
Invok: Shadow Step       |       |       |       |     3 |       ||     3
Evoke: Wand              |       |       |       |       |     1 ||     1
  Use: Scroll            |     7 |     7 |     8 |     6 |       ||    28
       Potion            |       |       |     2 |       |     3 ||     5
 Stab: Sleeping          |     7 |    10 |    30 |    52 |    19 ||   118
       Distracted        |       |     1 |     3 |    14 |     1 ||    19
  Eat: Pizza             |       |       |     2 |     1 |       ||     3
       Fruit             |       |       |     2 |     1 |       ||     3
       Bread ration      |       |       |       |     1 |       ||     1
